 Dungeon Crawl Stone Soup version 0.18-a0-1577-gf591c28 (webtiles) character file.

139 M4edhros the Grasshopper (level 5, -13/34 HPs)
             Began as an Octopode Warper on Mar 20, 2016.
             Killed by divine providence
             ... invoked by an orc priest
              (16 damage)
             ... on level 3 of the Dungeon.
             The game lasted 00:03:01 (1926 turns).

M4edhros the Grasshopper (Octopode Warper)          Turns: 1926, Time: 00:03:01

Health: -13/34     AC:  1    Str: 12    XL:     5   Next: 22%
Magic:  8/8        EV: 12    Int: 15    God:
Gold:   157        SH:  0    Dex: 13    Spells: 1 memorised, 7 levels left

rFire  x . .     SeeInvis .       - Unarmed
rCold  + . .     Gourm    .     (no shield)
rNeg   . . .     Faith    .     (helmet restricted)
rPois  .         Spirit   .     (no amulet)
rElec  .         Dismiss  .     y - ring of ice
rCorr  .         Reflect  .     B - +2 ring of strength
SustAt .         Harm     .     D - ring of flight
MR     .....                    (no ring)
Stlth  ++........               (no ring)
                                (no ring)
                                (no ring)
                                (no ring)

@: not resistant to hostile enchantments, unstealthy
A: almost no armour, amphibious, 8 rings, constrict 8, camouflage 1, gelatinous
body 1
a: Evoke Flight


You were on level 3 of the Dungeon.
You were very hungry.

You visited 1 branch of the dungeon, and saw 3 of its levels.

You collected 157 gold pieces.

Inventory:

Missiles
 c - 5 tomahawks of dispersal (quivered)
 h - a throwing net
 i - 30 stones
 E - 6 tomahawks
Jewellery
 y - a ring of ice (left tentacle)
 B - a +2 ring of strength (right tentacle)
 D - a ring of flight (on tentacle)
Scrolls
 b - a scroll of blinking
 e - a scroll of random uselessness {unknown}
 f - a scroll of recharging {unknown}
 l - a scroll of identify {unknown}
 n - a scroll of fog {unknown}
 o - 2 scrolls of enchant weapon {unknown}
 p - a scroll of magic mapping {unknown}
 q - a scroll of noise {unknown}
 r - a scroll of teleportation {unknown}
 t - 2 scrolls of remove curse {unknown}
 v - a scroll of immolation {unknown}
 x - 2 scrolls of enchant armour {unknown}
 A - a scroll of fear {unknown}
Potions
 g - a potion of might {unknown}
 k - a potion of degeneration {unknown}
 m - a potion of curing
 s - a potion of heal wounds {unknown}
 C - a potion of resistance {unknown}
Books
 a - a book of Spatial Translocations

   Spells                             Type                      Level
   a - Apportation                    Translocation                1
   b - Blink                          Translocation                2
   c - Shroud of Golubria             Charms/Translocation         2
   d - Portal Projectile              Translocation                3
   e - Teleport Other                 Translocation                3
   f - Passage of Golubria            Translocation                4
Comestibles
 d - 2 bread rations
 j - a royal jelly
 u - a beef jerky
 w - a slice of pizza
 z - 4 fruits


   Skills:
 - Level 2.0 Fighting
 - Level 1.0 Throwing
 - Level 2.3 Dodging
 * Level 4.1 Unarmed Combat
 - Level 2.0 Spellcasting
 + Level 4.3 Translocations


You had 7 spell levels left.
You knew the following spells:

 Your Spells              Type           Power        Failure   Level  Hunger
a - Apportation           Tloc           ##........   4%          1    #......


Dungeon Overview and Level Annotations

Branches:
Dungeon (3/15)

Altars:
Makhleb


Innate Abilities, Weirdness & Mutations

You cannot wear most types of armour.
You are amphibious.
You can wear up to eight rings at the same time.
You can use your tentacles to constrict eight enemies at once.
Your skin changes colour to match your surroundings (Stealth).
Your rubbery body absorbs attacks (AC +1).


Message History

* * * LOW HITPOINT WARNING * * *
The orc completely misses you. The bat barely misses you.
An orc comes into view.
Drink which item? (? for menu, Esc to quit)
It was a potion of curing.
You feel better.
You constrict the orc. The bat closely misses you. The orc priest misses you.
The orc hits you with a club.
You tentacle-slap the orc priest but do no damage.
Your grab misses the orc priest.
You squeeze the orc priest, but do no damage.
You constrict the orc, but do no damage.
The bat closely misses you. The orc hits you with a club.
The orc priest hits you with a morningstar!
* * * LOW HITPOINT WARNING * * *
You release your grip on the orc.
The bat hits you but does no damage. The bat closely misses you.
The orc priest looks braver for a moment.
The orc priest mumbles some strange prayers to Beogh against you.
Beogh smites you!
You die...

########## ######
.........##... ..#
............# #.#
.........#### #.##
.........# #@.# .........#
##o# .........# #.# #
#######.#########o##o##.#.
.................oo.......
########.....?.###..###..#
#.......#####....o.#
...####### ###..#.# .#
...#..


You could see an orc priest and 4 orcs.

Vanquished Creatures
  A hound (D:2)
  Jessica (D:2)
  An adder (D:3)
  3 oozes
  2 worms (D:2)
  A dart slug (D:3)
  3 giant geckos
  2 orcs (D:3)
  6 bats
  2 giant cockroaches
  8 goblins
  4 hobgoblins
  A quokka (D:2)
  5 kobolds
  9 rats
49 creatures vanquished.

Notes
Turn   | Place    | Note
--------------------------------------------------------------
     0 | D:1      | M4edhros the Octopode Warper began the quest for the Orb.
     0 | D:1      | Reached XP level 1. HP: 14/14 MP: 3/3
   145 | D:1      | Reached XP level 2. HP: 9/19 MP: 5/5
   691 | D:1      | Reached XP level 3. HP: 18/24 MP: 6/6
  1124 | D:2      | Noticed Jessica
  1136 | D:2      | Killed Jessica
  1136 | D:2      | Reached XP level 4. HP: 24/29 MP: 7/7
  1216 | D:2      | Found a burning altar of Makhleb.
  1633 | D:3      | Reached XP level 5. HP: 19/34 MP: 8/8
  1926 | D:3      | Killed from afar by an orc priest

Vault maps used:
D:1:      eino_arrival_cavern_b, serial_park_tiny_pond, dk_noncrumbling_4
D:2:      makhleb_blood_cavern_becter, serial_glass, glass_columns_b,
          glass_columns_a, glass_columns_a, glass_columns_b, glass_columns_a,
          glass_columns_a, uniq_jessica
D:3:      minmay_unequal

Skill      XL: |  1  2  3  4  5 |
---------------+----------------+-----
Unarmed Combat | 3 4 |  4.1
Translocations | 4 |  4.3
Fighting       | |  2.0
Throwing       | |  1.0
Dodging        | |  2.3
Spellcasting   | |  2.0

Action                   |  1- 3 |  4- 6 || total
-------------------------+-------+-------++-------
Melee: Unarmed           |    76 |    40 ||   116
  Use: Potion            |       |     1 ||     1
 Stab: Sleeping          |     5 |     1 ||     6
  Eat: Chunk             |     1 |     1 ||     2
